General information
- name: BNet
- type: Ladder 1vs1/FFA
- host: Battle.net
- saver: HERNaNDO
map: TirisfalGlades
- players: 2
- length: 34:57
- speed: Fast
- version: 1.21 W3XP
- replay type: Public
» download(82 KB)
Players
team 1 (loser)
ownedbydemand (
yellow | 19 APM | 680 actions | 34:55)
4 Death Knight
2 Death Coil
2 Unholy Aura
2 Firelord
1 Incinerate
1 Soul Burn
» actions
| Basic commands | 8 | |
| Build / train | 72 | |
| Enter build submenu | 22 | |
| Enter hero's abilities submenu | 6 | |
| Right click | 280 | |
| Select / deselect | 262 | |
| Use ability | 30 | |
680 total
» units
| Acolyte | 27 | |
| Ghoul | 3 | |
| Crypt Fiend | 15 | |
| Gargoyle | 4 | |
| Assassin | 1 | |
| Kobold Geomancer | 1 | |
51 total
» upgrades
» buildings
| Altar of Darkness | 1 | |
| Ziggurat | 10 | |
| Crypt | 1 | |
| Graveyard | 1 | |
| Spirit Tower | 10 | |
| Halls of the Dead | 1 | |
| Sacrificial Pit | 1 | |
| Tomb of Relics | 1 | |
| Black Citadel | 1 | |
| Boneyard | 1 | |
| Necropolis | 1 | |
29 total
» build order
00:43 Altar of Darkness
00:55 Ziggurat
01:07 Crypt
01:18 Graveyard
02:05 Ziggurat
03:26 Spirit Tower
03:43 Spirit Tower
04:06 Ziggurat
05:13 Ziggurat
05:15 Spirit Tower
06:12 Spirit Tower
06:14 Halls of the Dead
07:34 Ziggurat
08:31 Spirit Tower
08:42 Sacrificial Pit
12:36 Tomb of Relics
14:31 Ziggurat
15:47 Spirit Tower
16:05 Ziggurat
16:10 Ziggurat
16:15 Ziggurat
16:40 Ziggurat
17:06 Spirit Tower
17:08 Spirit Tower
18:16 Spirit Tower
18:26 Black Citadel
18:43 Spirit Tower
21:33 Boneyard
23:27 Necropolis
team 2 (winner)
HERNaNDO (
green | 44 APM | 1533 actions | 34:57)
5 Paladin
2 Holy Light
3 Divine Shield
1 Mountain King
1 Storm Bolt
» actions
| Assign group hotkey | 10 | |
| Basic commands | 17 | |
| Build / train | 91 | |
| Enter build submenu | 39 | |
| Enter hero's abilities submenu | 6 | |
| Give item / drop item | 4 | |
| Remove unit from queue | 1 | |
| Right click | 633 | |
| Select / deselect | 449 | |
| Select group hotkey | 98 | |
| Use ability | 184 | |
1533 total
» units
| Peasant | 12 | |
| Footman | 6 | |
| Priest | 1 | |
| Sorceress | 1 | |
| Mortar Team | 5 | |
25 total
» upgrades
| Defend | 1 | |
| Masonry | 3 | |
| Lumber Harvesting | 2 | |
| Sorceress Training | 2 | |
| Magic Sentry | 1 | |
| Backpack | 1 | |
| Priest Training | 2 | |
| Gunpowder | 3 | |
| Armor | 1 | |
| Flare | 1 | |
17 total
» buildings
| Lumber Mill | 1 | |
| Altar of Kings | 1 | |
| Farm | 6 | |
| Barracks | 1 | |
| Scout Tower | 36 | |
| Guard Tower | 21 | |
| Keep | 1 | |
| Town Hall | 1 | |
| Blacksmith | 1 | |
| Arcane Sanctum | 1 | |
| Arcane Vault | 1 | |
| Workshop | 1 | |
| Castle | 1 | |
| Arcane Tower | 2 | |
75 total
» build order
00:13 Lumber Mill
00:20 Altar of Kings
00:36 Farm
00:37 Farm
00:56 Barracks
01:39 Scout Tower
01:51 Farm
02:10 Guard Tower
02:17 Scout Tower
02:46 Guard Tower
03:29 Scout Tower
03:32 Farm
04:32 Keep
04:34 Guard Tower
05:49 Town Hall
05:50 Scout Tower
05:51 Scout Tower
05:55 Scout Tower
05:56 Scout Tower
05:57 Scout Tower
05:58 Scout Tower
06:09 Blacksmith
06:26 Guard Tower
06:26 Guard Tower
07:22 Arcane Sanctum
07:26 Guard Tower
07:29 Scout Tower
07:31 Scout Tower
07:45 Arcane Vault
07:50 Scout Tower
07:51 Scout Tower
09:52 Guard Tower
10:02 Guard Tower
10:03 Guard Tower
10:03 Guard Tower
10:23 Scout Tower
10:24 Scout Tower
12:01 Guard Tower
12:18 Workshop
13:57 Farm
14:00 Farm
14:31 Castle
15:59 Scout Tower
16:00 Scout Tower
16:02 Scout Tower
16:37 Guard Tower
18:34 Guard Tower
18:37 Scout Tower
18:38 Scout Tower
19:06 Guard Tower
25:40 Scout Tower
25:41 Scout Tower
25:43 Scout Tower
25:44 Scout Tower
26:23 Guard Tower
26:27 Scout Tower
26:28 Scout Tower
26:30 Scout Tower
26:31 Scout Tower
26:32 Scout Tower
26:33 Scout Tower
26:34 Scout Tower
26:34 Scout Tower
26:51 Guard Tower
26:55 Guard Tower
26:57 Guard Tower
27:08 Scout Tower
27:09 Scout Tower
27:12 Guard Tower
27:53 Arcane Tower
27:54 Arcane Tower
27:55 Guard Tower
29:47 Scout Tower
29:48 Scout Tower
31:20 Guard Tower
» items
| Potion of Mana | 6 | |
| Staff of Teleportation | 1 | |
| Lesser Clarity Potion | 6 | |
| Scroll of Town Portal | 2 | |
15 total
Chat log
(33:07 / All) ownedbydemand: wow
(33:10 / All) HERNaNDO: lol
(33:19 / All) ownedbydemand: wat att is that
(33:22 / All) HERNaNDO: att?
(33:33 / All) HERNaNDO: o u mean damage
(33:35 / All) ownedbydemand: the magic one
(33:42 / All) HERNaNDO: it heals my units for 400
(33:45 / All) ownedbydemand: wat is called
(33:47 / All) HERNaNDO: and damages undead for 200
(33:49 / All) HERNaNDO: holy light
(33:54 / All) ownedbydemand: o
(34:11 / All) ownedbydemand: peace if you were anyone else i would wreck you
(34:17 / All) HERNaNDO: peace man
(34:18 / All) HERNaNDO: how come?
(34:35 / All) ownedbydemand: I would just own
(34:40 / All) HERNaNDO: lol kool
(34:50 / All) ownedbydemand: i have to work with my dad peace
(34:53 / All) HERNaNDO: see ya